Map: Catalyst LE

Players

GOStephano (Stephano) - Winner!

  • Race: Zerg Zerg
  • Spawn Location: 5:00

HeroMarine

  • Race: Terran Terran
  • Spawn Location: 11:00

Event: WCS Austin 2018

VOD

Have the link to the VOD?

Description

Time

  • Played on: June 1, 2018, 9:57 p.m.
  • Length: 6:34

All games in this series

Show
View Real Time Build Order
Export as new Build Order

GOStephano Zerg - Winner!

Build Orders: Hatch First 

Get SALT Encoding   

  12  0:00  Drone  
  13  0:13  Overlord  
  13  0:17  Drone  
  14  0:31  Drone x2  
  16  0:49  Hatchery  
  15  0:51  Drone  
  15  0:55  Drone  
  17  0:59  Drone  
  18  1:09  Extractor  
  17  1:14  Spawning Pool  
  17  1:17  Drone  
  17  1:20  Drone  
  18  1:29  Drone  
  19  1:39  Drone  
  20  1:49  Drone  
  21  2:01  Queen x2  
  21  2:04  Drone x2  
  27  2:13  Metabolic Boost  
  27  2:14  Overlord  
  27  2:15  Drone  
  28  2:29  Hatchery  
  27  2:33  Zergling x4  
  29  2:39  Queen  
  29  2:43  Drone  
  32  2:47  Overlord  
  32  2:50  Drone  
  33  2:52  Drone  
  33  2:54  Drone  
  33  2:57  Drone  
  36  3:07  Drone x2  
  36  3:08  Drone  
  36  3:10  Drone x2  
  41  3:16  Drone  
  41  3:17  Queen  
  43  3:23  Overlord  
  43  3:27  Overlord  
  43  3:40  Queen  
  43  3:41  Overlord  
  45  3:45  Drone x6  
  51  3:51  Drone x3  
  51  3:53  Queen  
  56  3:58  Zergling x4  
  56  3:59  Zergling x2  
  59  4:03  Zergling x2  
  59  4:04  Zergling x2  
  59  4:07  Queen  
  63  4:12  Zergling x2  
  63  4:19  Zergling x2  
  63  4:20  Zergling x6  
  64  4:25  Zergling x6  
  64  4:30  Zergling x8  
  69  4:32  Spore Crawler  
  69  4:35  Spore Crawler  
  69  4:36  Spore Crawler  
  69  4:37  Evolution Chamber x2  
  69  4:38  Drone x2  
  66  4:41  Drone  
  66  4:44  Drone  
  69  4:45  Drone  
  69  4:47  Drone  
  69  4:52  Drone x4  
  74  5:01  Overlord  
  74  5:15  Spine Crawler  
  74  5:18  Zergling x2  
  74  5:19  Queen x2  
  77  5:21  Zergling x4  
  77  5:22  Zergling x4  
  80  5:37  Zergling x2  
  80  5:38  Overlord  
  80  5:43  Zergling x6  
  80  5:48  Zergling x16  
  67  6:07  Drone x5  
  67  6:11  Drone  
  70  6:23  Hatchery  
Show
View Real Time Build Order
Export as new Build Order

HeroMarine Terran 

Build Orders: Hellion Banshee 

Get SALT Encoding   

  12  0:00  SCV  
  13  0:12  SCV  
  14  0:18  Supply Depot  
  14  0:24  SCV  
  15  0:40  SCV  
  15  0:41  Barracks  
  16  0:44  Refinery  
  16  0:52  SCV  
  17  1:04  SCV  
  18  1:16  SCV  
  19  1:28  Orbital Command, Marine  
  20  1:40  Command Center  
  20  1:51  Factory  
  20  1:54  SCV  
  21  2:03  Barracks Reactor  
  21  2:06  SCV  
  22  2:11  Refinery  
  22  2:12  Supply Depot  
  22  2:19  SCV  
  23  2:33  SCV  
  23  2:34  Hellion  
  26  2:37  Starport  
  26  2:39  Marine x2  
  28  2:45  SCV  
  29  2:52  Orbital Command  
  29  3:04  Hellion x2  
  33  3:10  Armory  
  33  3:16  Medivac  
  33  3:19  SCV  
  36  3:20  Marine  
  36  3:25  Hellion  
  39  3:30  Hellion  
  39  3:32  SCV  
  42  3:34  SCV  
  42  3:38  Supply Depot  
  43  3:47  Starport Tech Lab  
  43  3:52  Hellion  
  43  3:54  SCV  
  46  4:00  Hellion, SCV  
  49  4:03  Supply Depot  
  49  4:05  Cloaking Field  
  49  4:06  Banshee  
  52  4:12  SCV  
  52  4:13  SCV  
  52  4:22  Hellion  
  54  4:24  SCV  
  54  4:25  Hellion, SCV  
  58  4:32  Supply Depot  
  58  4:37  SCV x2  
  60  4:43  Hellion  
  62  4:49  Supply Depot  
  62  4:53  Banshee, SCV x2  
  62  4:54  Hellion  
  69  5:01  Barracks Tech Lab  
  69  5:05  SCV  
  70  5:07  Supply Depot  
  70  5:11  Hellion, SCV  
  73  5:15  Hellion  
  73  5:16  Command Center  
  73  5:18  SCV  
  76  5:23  SCV  
  76  5:24  Marine  
  78  5:30  SCV  
  78  5:35  SCV  
  76  5:48  Hellion x2  
  66  5:52  SCV x2  
  47  6:04  SCV x2  
  46  6:16  SCV x2  
  44  6:19  Command Center  
Tags
 
Add a new tag
Caveats
  • Supply blocks, unpowered buildings, or Contaminate may cause inaccurate times.
  • Supply counts are checked every 10 seconds.